 Dungeon Crawl Stone Soup version 0.30-a0-311-gf115ab0292 (webtiles) character file.

Game seed: 2870675161494182943

4256 Bnni the Severer (level 10, 0/79 HPs)
             Began as a Formicid Fighter on Oct 25, 2022.
             Slain by an orc warrior
             ... wielding a +0 war axe
              (13 damage)
             ... in a bailey.
             The game lasted 00:15:39 (7263 turns).

Bnni the Severer (Formicid Fighter)                 Turns: 7263, Time: 00:15:40

Health: 0/79       AC: 11    Str: 24    XL:     10   Next: 56%
Magic:  10/10      EV:  6    Int:  9    God:
Gold:   465        SH:  5    Dex: 13    Spells: 9/9 levels left

rFire   . . .      SeeInvis +    a - +1 war axe
rCold   . . .      Faith    .    c - +0 buckler
rNeg    . . .      Spirit   .    G - +0 plate armour
rPois   .          Reflect  .    (helmet unavailable)
rElec   .          Harm     .    (no cloak)
rCorr   .          Rampage  .    (no gloves)
Will    +....                    (no boots)
Stlth   ..........               (no amulet)
HPRegen 0.33/turn                (no ring)
MPRegen 0.12/turn                (no ring)

@: studying Polearms
A: permanent stasis, dig shafts and tunnels, antennae 3, four strong arms
a: Dig


You were in a bailey.
You visited 2 branches of the dungeon, and saw 9 of its levels.
You also visited: Sewer and Bailey.

You collected 465 gold pieces.

Inventory:

Hand Weapons
 a - a +1 war axe (weapon)
Missiles
 g - 3 curare-tipped darts
 y - 21 poisoned darts
 H - 4 atropa-tipped darts
Armour
 c - a +0 buckler (worn)
 G - a +0 plate armour (worn)
Wands
 b - a wand of digging (13)
 e - a wand of flame (12)
 p - a wand of quicksilver (1)
 q - a wand of paralysis (12)
 v - a wand of iceblast (11)
 F - a wand of mindburst (13)
Scrolls
 h - 3 scrolls of vulnerability
 j - 2 scrolls of fear
 k - a scroll of noise {unknown}
 l - a scroll of brand weapon {unknown}
 m - a scroll of silence {unknown}
 r - 2 scrolls of enchant weapon
 s - a scroll of immolation
 u - a scroll of poison {unknown}
 x - a scroll of magic mapping
Potions
 d - 3 potions of might
 f - 2 potions of flight
 i - 5 potions of curing
 n - a potion of invisibility
 o - a potion of brilliance
 t - 3 potions of heal wounds
 w - a potion of magic
 z - a potion of mutation
 A - a potion of resistance
 B - a potion of ambrosia {unknown}
 C - a potion of cancellation {unknown}
 D - a potion of lignification {unknown}
 E - a potion of attraction {unknown}


   Skills:
 + Level 7.5 Fighting
 * Level 15.3 Axes
 - Level 3.2 Armour
 - Level 5.0 Shields


You had 9 spell levels left.
You didn't know any spells.
Your spell library contained the following spells:

 Spells                   Type           Power      Damage    Failure   Level
 Necrotise                Necr           0%         1d4       100%        1
 Momentum Strike          Conj/Tloc      0%         3d8       100%        2
 Gell's Gravitas          Tloc           0%         N/A       100%        3
 Lesser Beckoning         Tloc           0%         N/A       100%        3
 Teleport Other           Tloc           0%         N/A       100%        3
 Blink                    Tloc           Unusable   N/A       N/A         2

Dungeon Overview and Level Annotations

Branches:
Dungeon (8/15)             Temple (1/1) D:6           Sewer (visited)
 Bailey (1/1)
   Lair: D:8-11

Altars:
Ashenzari
Cheibriados
Dithmenos
Elyvilon
Fedhas
Gozag
Hepliaklqana
Kikubaaqudgha
Nemelex Xobeh
Ru
Sif Muna
Trog
Vehumet
Xom
Yredelemnul
Zin
Jiyva

Shops:
D:5 *


Innate Abilities, Weirdness & Mutations

You cannot be hasted, slowed, berserked, paralysed or teleported.
You can dig through walls and to a lower floor.
You have a pair of large antennae on your head. (SInv)
Your four strong arms can wield two-handed weapons with a shield.


Message History

You block the orc warrior's attack.
The orc warrior hits you with a +0 war axe.
Unknown command.
You barely miss the orc warrior.
The orc warrior is heavily wounded.
You closely miss the orc warrior.
You feel sick.
The orc warrior hits you with a +0 war axe!
The orc warrior hits you with a +0 war axe.
You are too injured to fight recklessly!
You hit the orc warrior.
The orc warrior is moderately wounded.
You closely miss the orc warrior.
You feel sick.
You are no longer poisoned.
You block the orc warrior's attack.
The orc warrior hits you but does no damage.
Unknown command.
You barely miss the orc warrior.
The orc warrior is moderately wounded.
You closely miss the orc warrior.
The orc warrior hits you with a +0 war axe!
* * * LOW HITPOINT WARNING * * *
The orc warrior barely misses you.
Unknown command.
You hit the orc warrior but do no damage.
The orc warrior is moderately wounded.
You slash the orc warrior!
Unknown command.
You slash the orc warrior!
The orc warrior is severely wounded.
You hit the orc warrior.
The orc warrior hits you but does no damage.
The orc warrior hits you with a +0 war axe.
* * * LOW HITPOINT WARNING * * *
Unknown command.
You barely miss the orc warrior.
The orc warrior is severely wounded.
You slash the orc warrior!
You kill the orc warrior!
The orc warrior hits you with a +0 war axe!
You die...

#~~.......~~###.#
.~~.......~~....#
#~~.......~~#####
#~.......~##
####'')####
##.....##
#∩.....∩#
#...8...#
##.@)..## ###o###
{K.# ......
........
...........
............
.K...........


You could see an orc warrior and a kobold brigand.

Vanquished Creatures
  The ghost of foxfromabyss the Cudgeller, a novice OgGl (D:5)
  Eustachio (D:5)
  2 ice beasts
  A sky beast (D:4)
  2 black bears
  5 orc warriors
  An ogre (D:6)
  A centaur (D:7)
  2 phantoms (D:5)
  8 kobold brigands
  2 bullfrogs
  2 necrophages
  A gnoll sergeant (D:6)
  4 scorpions
  A water moccasin zombie (D:5)
  A wyvern skeleton (D:5)
  4 jellies
  An electric eel (D:6)
  A howler monkey (D:6)
  2 hounds (D:5)
  4 orc priests
  4 iguanas
  9 orc wizards
  10 gnolls
  A howler monkey skeleton (D:5)
  7 adders
  7 river rats
  A shadow imp (D:6)
  2 white imps (D:5)
  2 ufetubi
  2 worms (D:4)
  6 dart slugs
  14 orcs
  7 endoplasms
  3 giant cockroaches
  8 goblins
  11 hobgoblins
  8 jackals
  5 quokkas
  9 ball pythons
  7 bats
  2 frilled lizards (Sewer)
  20 kobolds
  10 rats
202 creatures vanquished.

Vanquished Creatures (others)
  26 plants (Sewer)
26 creatures vanquished.

Grand Total: 228 creatures vanquished

Notes
Turn   | Place    | Note
-------+----------+-------------------------------------------
     0 | D:1      | Bnni the Formicid Fighter began the quest for the Orb.
     0 | D:1      | Reached XP level 1. HP: 18/18 MP: 1/1
    59 | D:1      | Reached XP level 2. HP: 20/24 MP: 2/2
   480 | D:1      | Reached XP level 3. HP: 28/29 MP: 3/3
   806 | D:1      | Found a faded altar of an unknown god.
  1506 | D:2      | Reached skill level 5 in Shields
  1506 | D:2      | Reached XP level 4. HP: 35/37 MP: 4/4
  1514 | D:2      | Reached skill level 3 in Axes
  2375 | D:4      | Reached XP level 5. HP: 42/42 MP: 5/5
  2487 | D:4      | Found a basalt altar of Yredelemnul.
  2501 | D:4      | Reached skill level 4 in Axes
  2637 | D:4      | Found a glowing drain.
  2680 | Sewer    | Entered a sewer
  2738 | Sewer    | Reached XP level 6. HP: 49/49 MP: 6/6
  2811 | Sewer    | Reached skill level 13 in Axes
  2811 | Sewer    | Reached XP level 7. HP: 55/55 MP: 7/7
  3673 | D:4      | Reached XP level 8. HP: 41/61 MP: 8/8
  3753 | D:4      | Reached skill level 5 in Fighting
  3883 | D:4      | Found a radiant altar of Vehumet.
  3886 | D:4      | Found an ancient bone altar of Kikubaaqudgha.
  3886 | D:4      | Found a shimmering blue altar of Sif Muna.
  3891 | D:4      | Got Kikubaaqudgha's Compilation of Profane Rites
  3913 | D:4      | Found a white marble altar of Elyvilon.
  4045 | D:5      | Entered Level 5 of the Dungeon
  4078 | D:5      | Found a runed translucent gate.
  4096 | D:5      | Found a runed translucent gate.
  4097 | D:5      | Found a runed translucent gate.
  4098 | D:5      | Noticed foxfromabyss's ghost (novice OgGl)
  4137 | D:5      | Killed foxfromabyss's ghost
  4138 | D:5      | Reached skill level 14 in Axes
  4138 | D:5      | Reached XP level 9. HP: 22/69 MP: 9/9
  4405 | D:5      | Found Vumneymu's CLEARANCE SALE!.
  4632 | D:5      | Noticed Eustachio
  4659 | D:5      | Killed Eustachio
  5405 | D:6      | Found Omyez's Neck Hole.
  5438 | D:6      | Found a staircase to the Ecumenical Temple.
  5447 | Temple   | Entered the Ecumenical Temple
  5651 | D:6      | Reached XP level 10. HP: 45/77 MP: 10/10
  6637 | D:7      | Found a glowing silver altar of Zin.
  6683 | D:7      | Found a broken altar of Ashenzari.
  6720 | D:7      | Reached skill level 15 in Axes
  6723 | D:7      | Noticed a two-headed ogre
  6733 | D:7      | HP: 2/79 [centaur/arrow (7)]
  6734 | D:7      | You fall into a shaft and drop 1 floor!
  7011 | D:8      | Found a flagged portal.
  7018 | Bailey   | Entered a bailey
  7263 | Bailey   | Slain by an orc warrior

Illustrated notes

Levels and vault maps discovered:
D:1:      nicolae_arrival_somewhat_less_tricky_arrival, layout_loops_ring,
          hellmonk_ecumenical_altar_leap_of_faith, nicolae_figureground_sparkle
D:2:      cheibrodos_greedy_goblins, layout_basic
D:3:      layout_rooms, minmay_unequal
D:4:      layout_basic, grunt_temple_overflow_magic_moments,
          mainiacjoe_overflow_six_doors_small, nicolae_overflow_crystal_walls,
          gup_sewer_entry_bowl, minmay_manual_monstrance
D:5:      layout_loops_ring, gammafunk_ghost_necromancy, nicolae_shop_clearance,
          uniq_eustachio
D:6:      layout_cave_pools, minmay_temple_entry_proselytizer,
          nrook_pool_corridor, nicolae_shop_sticking_my_neck_out
D:7:      layout_cave_pools, pdpol_wu_jian_five_deadly_venoms,
          amcnicky_altar_gilded, overflow_temple_1_default, zin_statuary
D:8:      layout_gridville, mainiacjoe_overflow_concentric_impassable,
          enter_bailey_1
Temple:   pf_slimified_temple
Bailey:   bailey_axe_3, bailey

Skill      XL: |  1  2  3  4  5  6  7  8  9 10 |
---------------+-------------------------------+-----
Shields        | 5 |  5.0
Axes           | 3 4 13 14 15 | 15.3
Fighting       | 4 5 6 7 |  7.5
Armour         | |  3.2

Action                   |  1- 3 |  4- 6 |  7- 9 | 10-12 || total
-------------------------+-------+-------+-------+-------++-------
Melee: War axe           |    90 |   146 |   313 |   174 ||   723
Throw: Dart              |       |       |       |     2 ||     2
 Abil: Shaft Self        |       |       |       |     1 ||     1
  Use: Scroll            |       |     8 |     3 |     9 ||    20
       Potion            |       |     1 |     1 |       ||     2
Armor: Scale mail        |    34 |    55 |    59 |       ||   148
       Chain mail        |       |       |    30 |       ||    30
       Plate armour      |       |       |       |    63 ||    63
Dodge: Dodged            |    43 |    90 |    90 |    37 ||   260
Block: Buckler           |    16 |    28 |    71 |    38 ||   153

Table legend: (Time is in decaauts)
 A = Elapsed time spent in this place.
 B = Non-inter-level travel time spent in this place.
 C = Inter-level travel time spent in this place.
 D = Time resting spent in this place.
 E = Time spent auto-exploring this place.
 F = Levels seen in this place.
 G = Mean time per level.
                   A        B        C        D        E       F      G
               +--------+--------+--------+--------+--------+-----+--------+
         Total |   7435 |   7295 |    140 |    510 |   4951 |  11 |  675.9 |
       Dungeon |   6269 |   6129 |    140 |    472 |   4403 |   8 |  783.6 |
        Temple |     63 |     63 |      0 |      0 |      0 |   1 |   63.0 |
         Sewer |    870 |    870 |      0 |     35 |    410 |   1 |  870.0 |
        Bailey |    232 |    232 |      0 |      3 |    137 |   1 |  232.0 |
               +--------+--------+--------+--------+--------+-----+--------+

Top non-repeatable levels by time:
     D:6: 1206 daAuts
     D:5: 1141 daAuts
     D:4: 1001 daAuts
     D:1: 959 daAuts
     D:2: 942 daAuts
   Sewer: 870 daAuts
     D:3: 508 daAuts
     D:8: 283 daAuts
  Bailey: 232 daAuts
     D:7: 227 daAuts
  Temple: 63 daAuts
